2849 views
Uploaded 2020-03-01 01:08:16
Game version 1.32.2
20:06 long 1on1 ladder game on (2)TerenasStand_LV
Saved by Grim
2849 views
Uploaded 2020-03-01 01:08:16
Game version 1.32.2
20:06 long 1on1 ladder game on (2)TerenasStand_LV

31 units @ 5.2k
/ 0.9k
19 buildings @ 3k
/ 1.3k



| Rod of Necromancy | 3 | 450 |
| Orb of Corruption | 1 | 375 |
| Potion of Mana | 2 | 400 |
| Potion of Healing | 1 | 150 |
| Scroll of Town Portal | 3 | 1050 |
| total: | 10 | 2425g |
| Acolyte | 7 | 525 | / | 0 |
| Ghoul | 4 | 480 | / | 0 |
| Crypt Fiend | 8 | 1720 | / | 320 |
| Obsidian Statue | 4 | 800 | / | 140 |
| Abomination | 5 | 1200 | / | 350 |
| Banshee | 3 | 465 | / | 90 |
| total: | 31 | 5190g | / | 900w |
| Nerubian Tower | 1 | 100 | / | 20 |
| Crypt | 1 | 200 | / | 50 |
| Altar of Darkness | 1 | 180 | / | 50 |
| Ziggurat | 8 | 1200 | / | 400 |
| Graveyard | 1 | 215 | / | 0 |
| Tomb of Relics | 1 | 130 | / | 30 |
| Necropolis | 1 | 225 | / | 0 |
| Slaughterhouse | 5 | 700 | / | 675 |
| Temple of the Damned | 1 | 155 | / | 140 |
| Halls of the Dead | 1 | 320 | / | 210 |
| Black Citadel | 1 | 325 | / | 230 |
| total: | 19 | 3005g | / | 1345w |
| 0:02 | Acolyte |
| 0:09 | Crypt |
| 0:13 | Altar of Darkness |
| 0:16 | Acolyte |
| 0:35 | Ziggurat |
| 0:56 | Graveyard |
| 1:14 | Tomb of Relics |
| 1:23 | Ghoul |
| 1:38 | Ghoul |
| 1:52 | Ziggurat |
| 2:23 | Rod of Necromancy |
| 2:24 | Death Coil |
| 2:27 | Crypt Fiend |
| 2:27 | Crypt Fiend |
| 2:56 | Crypt Fiend |
| 3:20 | Ghoul |
| 3:27 | Unholy Aura |
| 3:50 | Halls of the Dead |
| 4:02 | Crypt Fiend |
| 4:04 | Rod of Necromancy |
| 4:24 | Crypt Fiend |
| 4:24 | Crypt Fiend |
| 4:39 | Ziggurat |
| 5:04 | Ghoul |
| 5:10 | Death Coil |
| 5:53 | Ziggurat |
| 6:13 | Slaughterhouse |
| 6:16 | Slaughterhouse |
| 6:26 | Rod of Necromancy |
| 6:29 | Burrow |
| 6:58 | Acolyte |
| 7:01 | Acolyte |
| 7:08 | Frost Nova |
| 7:31 | Black Citadel |
| 7:56 | Obsidian Statue |
| 7:59 | Slaughterhouse |
| 8:02 | Slaughterhouse |
| 8:07 | Crypt Fiend |
| 9:28 | Death Pact |
| 9:36 | Frost Armor |
| 10:11 | Ghoul Frenzy |
| 10:13 | Disease Cloud |
| 10:19 | Orb of Corruption |
| 10:50 | Impale |
| 11:24 | Frost Nova |
| 11:35 | Abomination |
| 11:39 | Slaughterhouse |
| 11:42 | Ziggurat |
| 11:43 | Ziggurat |
| 11:45 | Ziggurat |
| 11:52 | Scroll of Town Portal |
| 11:57 | Potion of Mana |
| 12:01 | Obsidian Statue |
| 12:15 | Potion of Mana |
| 12:45 | Obsidian Statue |
| 12:46 | Obsidian Statue |
| 13:50 | Potion of Healing |
| 13:56 | Scroll of Town Portal |
| 13:57 | Scroll of Town Portal |
| 14:21 | Acolyte |
| 14:22 | Acolyte |
| 14:40 | Ziggurat |
| 14:51 | Acolyte |
| 15:07 | Temple of the Damned |
| 15:23 | Necropolis |
| 15:59 | Spiked Carapace |
| 16:10 | Banshee |
| 16:11 | Banshee Adept Training |
| 16:11 | Banshee |
| 16:13 | Abomination |
| 16:20 | Unholy Armor |
| 16:38 | Creature Attack |
| 17:04 | Abomination |
| 17:15 | Abomination |
| 17:24 | Nerubian Tower |
| 17:40 | Banshee Master Training |
| 18:04 | Crypt Fiend |
| 18:08 | Abomination |
| 18:17 | Banshee |
| 18:56 | Improved Unholy Armor |
| 19:43 | Death Coil |
| Right click | 1457 |
| Select group | 1095 |
| Select | 319 |
| Assign group | 307 |
| Build/train/purchase | 125 |
| Use ability | 69 |
| Item give/drop | 13 |
| Misc. action | 9 |
| Remove unit | 4 |
34 units @ 5.2k
/ 0.7k
20 buildings @ 2.4k
/ 0.8k


x1)
| Scroll of Regeneration | 5 | 500 |
| Lesser Clarity Potion | 6 | 420 |
| Boots of Speed | 1 | 250 |
| Staff of Teleportation | 1 | 150 |
| Potion of Lesser Invulnerability | 1 | 150 |
| Tome of Retraining | 1 | 300 |
| total: | 15 | 1770g |
| Peasant | 11 | 825 | / | 0 |
| Rifleman | 10 | 2050 | / | 300 |
| Knight | 5 | 1225 | / | 300 |
| Priest | 8 | 1080 | / | 80 |
| total: | 34 | 5180g | / | 680w |
| Blacksmith | 1 | 140 | / | 60 |
| Barracks | 2 | 320 | / | 120 |
| Farm | 12 | 960 | / | 240 |
| Altar of Kings | 1 | 180 | / | 50 |
| Arcane Vault | 1 | 130 | / | 30 |
| Lumber Mill | 1 | 120 | / | 0 |
| Town Hall | 1 | 385 | / | 205 |
| Arcane Sanctum | 1 | 150 | / | 140 |
| Keep | 1 | 320 | / | 210 |
| Castle | 1 | 360 | / | 210 |
| total: | 20 | 2385g | / | 845w |
| 0:04 | Peasant |
| 0:04 | Peasant |
| 0:04 | Peasant |
| 0:21 | Blacksmith |
| 0:37 | Barracks |
| 0:43 | Peasant |
| 0:51 | Farm |
| 0:57 | Peasant |
| 1:13 | Altar of Kings |
| 1:19 | Peasant |
| 1:29 | Farm |
| 1:35 | Peasant |
| 1:49 | Peasant |
| 2:03 | Rifleman |
| 2:17 | Arcane Vault |
| 2:31 | Farm |
| 2:33 | Farm |
| 2:53 | Rifleman |
| 3:12 | Holy Light |
| 3:17 | Rifleman |
| 3:34 | Rifleman |
| 3:54 | Rifleman |
| 4:06 | Divine Shield |
| 4:34 | Scroll of Regeneration |
| 4:35 | Lesser Clarity Potion |
| 4:37 | Rifleman |
| 4:40 | Keep |
| 5:05 | Black Gunpowder |
| 5:05 | Studded Leather Armor |
| 5:13 | Lumber Mill |
| 5:22 | Farm |
| 5:23 | Farm |
| 5:28 | Farm |
| 5:33 | Holy Light |
| 6:11 | Scroll of Regeneration |
| 6:20 | Boots of Speed |
| 6:20 | Staff of Teleportation |
| 7:03 | Long Rifles |
| 7:11 | Improved Lumber Harvesting |
| 7:53 | Scroll of Regeneration |
| 7:53 | Lesser Clarity Potion |
| 7:57 | Castle |
| 8:00 | Storm Bolt |
| 8:24 | Rifleman |
| 8:51 | Divine Shield |
| 8:59 | Farm |
| 9:08 | Rifleman |
| 9:29 | Barracks |
| 10:10 | Rifleman |
| 10:33 | Refined Gunpowder |
| 10:35 | Sundering Blades |
| 10:35 | Animal War Training |
| 10:50 | Town Hall |
| 11:23 | Scroll of Regeneration |
| 11:28 | Knight |
| 11:46 | Lesser Clarity Potion |
| 11:54 | Knight |
| 12:23 | Knight |
| 12:34 | Lesser Clarity Potion |
| 12:56 | Iron Plating |
| 13:41 | Iron Forged Swords |
| 13:53 | Arcane Sanctum |
| 14:02 | Peasant |
| 14:02 | Peasant |
| 14:15 | Scroll of Regeneration |
| 14:15 | Lesser Clarity Potion |
| 14:24 | Steel Plating |
| 14:34 | Peasant |
| 14:42 | Knight |
| 15:00 | Knight |
| 15:07 | Priest Adept Training |
| 15:35 | Priest |
| 15:35 | Priest |
| 15:40 | Lesser Clarity Potion |
| 15:46 | Steel Forged Swords |
| 16:02 | Potion of Lesser Invulnerability |
| 16:11 | Rifleman |
| 16:41 | Priest |
| 16:51 | Farm |
| 16:54 | Farm |
| 16:59 | Farm |
| 17:02 | Farm |
| 17:14 | Priest |
| 17:44 | Priest |
| 17:44 | Priest |
| 17:44 | Priest |
| 18:03 | Tome of Retraining |
| 18:03 | Retrain Hero |
| 18:05 | Holy Light |
| 18:06 | Holy Light |
| 18:06 | Devotion Aura |
| 18:06 | Devotion Aura |
| 18:19 | Mithril Plating |
| 18:35 | Imbued Gunpowder |
| 18:50 | Priest |
| Select group | 1516 |
| Right click | 978 |
| Select | 690 |
| Misc. action | 165 |
| Build/train/purchase | 94 |
| Assign group | 72 |
| Use ability | 47 |
| Item give/drop | 7 |
โ